Arrhythmia, chaotic female vampiric Convict --------------------------------- |...............................| |.------------.....------------.| ----------- |.|[.%|...|.%|.....+ |...|.| ##..........| 0##-.|%/*|...|%%|.....| |...|.| # |[.)).....| |.|!..|...|..|.....| ...|.| ##%#####-.........| |.|...|...||--....}-----+---|--.| # |.........| |.-|----|--........I.}..I.).....| ### ----------- |..(............).I.IIII).[.....| # |.-|----|--....--|---}..........| ### |.|...|...|---.|....|.------+--.| # |.|(((|...|..|.|..@.|.| |.-)# |.|(((|...|..-.|.(I.|.+ |.| |.|(%(|...|..|.|....|.| |.| |.------------.------.---------.| |.............................(.| --------------------------------- Arrhythmia the Jail-bird Experience level: 8 Strength: 25 Dexterity: 12 Constitution: 20 Intelligence: 11 Wisdom: 8 Charisma: 10 Health: 0(88) Energy: 49(49) AC: 6 Gold: 1103 Moves: 3011 Your Inventory: Coins $ - 1103 gold pieces Weapons m - 2 uncursed [+0] daggers I - an uncursed [+0] short sword [of warning] Armor b - a cursed burnt +0 striped shirt (being worn) g - an [uncursed] +0 pair of gauntlets of power (being worn) o - an [uncursed] +0 hooded cloak [dwarvish] (being worn) F - an [uncursed] +0 hard hat [dwarvish iron helm] (being worn) H - an [uncursed] +0 small shield (being worn) R - an uncursed [+1] crested helmet [helmet] S - a [cursed -1] pair of old gloves [gauntlets of fumbling] T - an [uncursed] +0 pair of high boots W - an [uncursed +0] mummy wrapping Comestibles Z - an [uncursed] goblin corpse Potions l - an uncursed silver potion [of healing] D - an uncursed squishy potion [of extra healing] Rings i - a [cursed -2] coral ring [of gain wisdom] C - a [cursed] moonstone ring [of see invisible] Wands x - a [cursed] wand called striking [of striking] (0:0) y - a [cursed] bone wand [of magic missile] (0:0) z - a [cursed] wand called striking [of striking] (0:0) A - a [cursed] wand of speed monster [0:2] B - a [cursed] wand of speed monster [0:3] Tools k - an uncursed blindfold u - 4 uncursed [tallow] candles v - an uncursed can of grease [0:9] X - an [uncursed] skeleton key Gems n - an uncursed black gem [worthless glass] t - 2 uncursed violet gems [worthless glass] w - an uncursed white gem [worthless glass] E - a [cursed] stone called Touchstone [touchstone] Iron balls c - an uncursed heavy iron ball (chained to you) Spells known in the end: Name Level Category Fail Memory Your skills at the end: Fighting Skills Weapon Skills sling [Basic / Skilled] Spellcasting Skills Final Attributes: You had sinned. Hunger level was 65. Your alignment was -7 / 25. Monster difficulty range was 1 - 7. Level difficulty was 7. You were immune to poison. You were immune to level-drain. You were immune to sickness. You were blinded. You were punished. You could fly. You could survive without air. You regenerated. Your luck was zero. You are dead. Vanquished creatures: a watch captain a giant mimic 2 small mimics 4 watchmen a black light a gnome king a gnome mummy a human zombie 3 fire ants a bugbear a rock mole 2 shriekers 4 gnome lords 2 gnomish wizards a guardian naga hatchling a straw golem a baby crocodile a giant ant 2 dwarves a rabid rat a monkey a dwarf zombie 2 killer bees an acid blob 3 coyotes a gas spore a hobbit 4 giant rats a yellow mold a red mold 8 gnomes a gecko 4 jackals 2 goblins 2 sewer rats 3 grid bugs 4 lichens 3 newts 75 creatures vanquished. Voluntary challenges: You went without food. You never hit with a wielded weapon. You read items or engraved 2 times. You put on armor 8 times. You never genocided any monsters. You never polymorphed an object. You never changed form. You used no wishes. You abstained from Elbereth's help. You encountered 1 bones level. You never used any Sokoban shortcuts. Dungeon overview: The Dungeons of Doom: levels 1 to 4 Level 1 a long staircase Level 4 stairs to The Gnomish Mines The Gnomish Mines: levels 5 to 7 Level 5 stairs to The Dungeons of Doom Level 7 <- You were here some shops, a temple to Tymora, a magic chest, a fountain History has recorded: On T:1 you entered the Dungeons of Doom to retrieve the Amulet of Yendor! On T:322 you reached level 2 of The Dungeons of Doom. On T:344 you reached level 3 of The Dungeons of Doom. On T:661 you advanced to experience level 2. On T:807 you advanced to experience level 3. On T:1029 you advanced to experience level 4. On T:1215 you reached level 4 of The Dungeons of Doom. On T:1277 you reached level 1 of The Gnomish Mines. On T:1282 you advanced to experience level 5. On T:1343 you advanced to experience level 6. On T:1706 you reached level 2 of The Gnomish Mines. On T:1953 you reached level 3 of The Gnomish Mines. On T:1964 you advanced to experience level 7. On T:2500 you advanced to experience level 8. Latest messages: [HP-4=70] It bites! (3x) [HP-6=64] [2 turns] [HP+1=65] A nearby voice intones: "Pilgrim, you enter a sacred place!" You experience a strange sense of peace. It bites! [HP-1=64] [HP+2=66] [2 turns] [HP+1=67] Wait! There's something there you can't see! It gets angry! It kicks! Something casts a spell at you! You are frozen in place! [HP-2=65] It hits! It kicks! It hits! You die... Final status: Goodbye Arrhythmia the Convict... You died in The Gnomish Mines on dungeon level 7 with 6307 points, and 1103 pieces of gold, after 3011 moves. You were level 8 with a maximum of 88 hit points when you died.